 Dungeon Crawl Stone Soup version 0.30.1-9-gdf580d7c3d (webtiles) character file.

Game seed: 10446081925305905300

11 leafyfresh the Covert (level 2, -1/29 HPs)
             Began as a Gnoll Delver on Oct 12, 2023.
             Splashed by a jelly's acid (6 damage)
             ... on level 4 of the Dungeon.
             The game lasted 00:00:24 (163 turns).

leafyfresh the Covert (Gnoll Delver)                 Turns: 163, Time: 00:00:26

Health: -1/29      AC:  0    Str: 11    XL:     2   Next: 29%
Magic:  2/2        EV: 13    Int:  9    God:
Gold:   0          SH:  0    Dex: 13    Spells: 1/1 levels left

rFire   . . .        a - +0 short sword
rCold   . . .        (no shield)
rNeg    . . .        b - +0 leather armour
rPois   .            (no helmet)
rElec   .            (no cloak)
rCorr   .            (no gloves)
SInv    .            (no boots)
Will    .....        (no amulet)
Stlth   ++++         (no ring)
HPRegen 0.24/turn    (no ring)
MPRegen 0.08/turn

%: no passive effects
@: corroded
A: fangs 1, strong nose, distributed training
a: no special abilities


You were on level 4 of the Dungeon.
You visited 1 branch of the dungeon, and saw 2 of its levels.

Inventory:

Hand Weapons
 a - a +0 short sword (weapon)
Armour
 b - a +0 leather armour (worn)
Wands
 g - a wand of digging (3)
Scrolls
 c - a scroll of fog
 d - a scroll of magic mapping
 e - a scroll of fear
 h - 3 scrolls of identify {unknown}
 i - a scroll of vulnerability {unknown}
 j - a scroll of immolation {unknown}
Potions
 f - a potion of haste
 k - a potion of berserk rage {unknown}


   Skills:
 + Level 6.5 Fighting
 + Level 4.5 Short Blades
 + Level 0.4 Long Blades
 + Level 0.4 Axes
 + Level 0.4 Maces & Flails
 + Level 0.4 Polearms
 + Level 0.4 Staves
 + Level 0.4 Ranged Weapons
 + Level 0.4 Throwing
 + Level 0.4 Armour
 + Level 4.5 Dodging
 + Level 9.5 Stealth
 + Level 0.4 Shields
 + Level 0.4 Unarmed Combat
 + Level 0.4 Spellcasting
 + Level 0.2 Conjurations
 + Level 0.2 Hexes
 + Level 0.2 Summonings
 + Level 0.2 Necromancy
 + Level 0.2 Translocations
 + Level 0.2 Transmutations
 + Level 0.2 Fire Magic
 + Level 0.2 Ice Magic
 + Level 0.2 Air Magic
 + Level 0.2 Earth Magic
 + Level 0.2 Poison Magic
 + Level 0.5 Invocations
 + Level 0.4 Evocations


You had one spell level left.
You didn't know any spells.
Your spell library contained the following spells:

 Spells                   Type           Power      Damage    Failure   Level
 Slow                     Hex            0%         N/A       43%         1
 Confusing Touch          Hex            0%         N/A       80%         3
 Vampiric Draining        Necr           0%         2d6       80%         3


Dungeon Overview and Level Annotations

Branches:
Dungeon (5/15)
 Temple: D:4-7

Altars:

Shops:
D:5 [


Innate Abilities, Weirdness & Mutations

You have very sharp teeth.
Your uncanny sense of smell can sniff out nearby items.
Your experience applies equally to all skills.


Message History

You hit the quokka but do no damage.
The quokka is heavily wounded.
The quokka twitches its whiskers.
The quokka barely misses you.
You barely miss the quokka.
The quokka is heavily wounded.
The quokka bites you but does no damage.
A quokka is nearby!
You hit the quokka.
You kill the quokka!
You see here a quokka corpse.
A jelly comes into view.
A jelly is nearby!
An endoplasm comes into view.
There are monsters nearby!
The jelly quivers.
The jelly barely misses you.
You hit the jelly.
Your hands burn!
The jelly is lightly wounded.
The jelly hits you but does no damage.
You hit the jelly but do no damage.
Your hands burn!
The jelly is lightly wounded.
You hit the jelly.
Your hands burn!
The jelly is moderately wounded.
The jelly barely misses you.
You hit the jelly but do no damage.
Your hands burn!
You punch the jelly.
The jelly is moderately wounded.
The jelly completely misses you.
You barely miss the jelly.
The jelly is moderately wounded.
The jelly hits you.
You are splashed with acid.
Unknown command.
You hit the jelly.
Your hands burn!
* * * LOW HITPOINT WARNING * * *
You bite the jelly.
The jelly is severely wounded.
The jelly hits you.
* * * LOW HITPOINT WARNING * * *
The acid corrodes you!
You are splashed with acid.
You die...

#.#.##......).#
#.#.#...###...##
#.###...# #)...#####
#. #...# ##.......#
##.###...####†.####..
..................#
###.#.....##.#..##.#
#.........##.#..# #
.#.#.#@..##.#..#
......J...##.#..#
#.#.............#
#..........#..#
.........##..... ∆
....J.....# ...∆
..#.......# #.
..........#


You could see a jelly and an endoplasm (asleep).

Vanquished Creatures
  A dart slug (D:4)
  An orc (D:4)
  3 hobgoblins (D:4)
  A kobold (D:4)
  A quokka (D:4)
7 creatures vanquished.

Notes
Turn   | Place    | Note
-------+----------+-------------------------------------------
     0 | D:5      | Reached skill level 9 in Stealth
     0 | D:5      | leafyfresh the Gnoll Delver began the quest for the Orb.
     0 | D:5      | Reached XP level 1. HP: 23/23 MP: 1/1
    46 | D:5      | Found Ejofec's Armour Boutique.
    51 | D:5      | Noticed an orc wizard
   119 | D:4      | Reached XP level 2. HP: 22/29 MP: 2/2
   163 | D:4      | Splashed by a jelly's acid

Illustrated notes

Levels and vault maps discovered:
D:4:      cheibrodos_old_hovel, layout_basic, nemelex_dance_club_becter,
          serial_forest, infiniplex_forest_end_1, infiniplex_forest_fountain,
          infiniplex_forest_end_1, infiniplex_forest_side_room, nrook_campfire,
          uniq_sigmund
D:5:      layout_basic, serial_shops, nicolae_shop_window_shopping, shop,
          minmay_circle_x

Skill      XL: | |
---------------+-+-----
Stealth        | |  9.5
Fighting       | |  6.5
Short Blades   | |  4.5
Long Blades    | |  0.4
Axes           | |  0.4
Maces & Flails | |  0.4
Polearms       | |  0.4
Staves         | |  0.4
Ranged Weapons | |  0.4
Throwing       | |  0.4
Armour         | |  0.4
Dodging        | |  4.5
Shields        | |  0.4
Unarmed Combat | |  0.4
Spellcasting   | |  0.4
Conjurations   | |  0.2
Hexes          | |  0.2
Summonings     | |  0.2
Necromancy     | |  0.2
Translocations | |  0.2
Transmutations | |  0.2
Fire Magic     | |  0.2
Ice Magic      | |  0.2
Air Magic      | |  0.2
Earth Magic    | |  0.2
Poison Magic   | |  0.2
Invocations    | |  0.5
Evocations     | |  0.4

Action                     || total
---------------------------++-------
  Melee: Short sword       ||    26
         Bite              ||     4
         Punch             ||     1
   Stab: Sleeping          ||     3
 Armour: Leather armour    ||     3
  Dodge: Dodged            ||    12
